AA
AUBURN VENOM @ CHARLESTON REBELS
08/24/2059
 
TOP OF THE 1ST
Auburn Venom batting - Pitching for Charleston Rebels : RHP Jayce Jarvis
Pitching: RHP Jayce Jarvis
Batting: LHB James Furse 0-0: Called Strike
0-1: Called Strike
0-2: Hit by Pitch
Batting: RHB Dario Dokter 0-0: Ball
1-0: Ball
James Furse is caught stealing 2nd base 2-4
2-0: Ball
3-0: Called Strike
3-1: Ground out 5-3 (Groundball, 56S, EV 86.2 MPH)
Batting: RHB Jaime Herring 0-0: Ball
1-0: Ball
2-0: Foul Ball, location: 2F
2-1: Swinging Strike
2-2: Fly out, F7 (Flyball, 7S, EV 90.0 MPH)
Top of the 1st over - 0 runs, 0 hits, 0 errors, 0 left on base; Auburn 0 - Charleston 0
BOTTOM OF THE 1ST
Charleston Rebels batting - Pitching for Auburn Venom : RHP Preston Chappell
Pitching: RHP Preston Chappell
Batting: LHB Devin Clark 0-0: Called Strike
0-1: Ground out 4-3 (Groundball, 4, EV 95.0 MPH)
Batting: LHB Felton Kirt 0-0: Ground out 4-3 (Groundball, 4, EV 81.9 MPH)
Batting: RHB Quinton Powell 0-0: Swinging Strike
0-1: Ball
1-1: Called Strike
1-2: Foul Ball, location: 2F
1-2: Ball
2-2: Strikes out swinging
Bottom of the 1st over - 0 runs, 0 hits, 0 errors, 0 left on base; Auburn 0 - Charleston 0
TOP OF THE 2ND
Auburn Venom batting - Pitching for Charleston Rebels : RHP Jayce Jarvis
Batting: LHB Collin Hamilton 0-0: Fly out, F8 (Flyball, 8LD, EV 93.8 MPH)
Batting: SHB Seth Estee 0-0: Ball
1-0: Ball
2-0: Ball
3-0: Base on Balls
Batting: LHB Da-Jon Akii-Bua 0-0: Called Strike
0-1: Ball
1-1: Called Strike
Seth Estee is caught stealing 2nd base 2-6
1-2: Ball
2-2: Strikes out swinging
Top of the 2nd over - 0 runs, 0 hits, 0 errors, 0 left on base; Auburn 0 - Charleston 0
BOTTOM OF THE 2ND
Charleston Rebels batting - Pitching for Auburn Venom : RHP Preston Chappell
Batting: LHB Chase Leyendecker 0-0: Ball
1-0: Fly out, F8 (Flyball, 8LM, EV 80.6 MPH)
Batting: LHB Roman Averette 0-0: Ball
1-0: Foul Ball, location: 2F
1-1: Ball
2-1: Swinging Strike
2-2: Fly out, F7 (Flyball, 7S, EV 90.0 MPH)
Batting: RHB Brant Hartman 0-0: Ball
1-0: Swinging Strike
1-1: Foul Ball, location: 2F
1-2: Ball
2-2: Ball
3-2: Base on Balls
Batting: LHB Benardrick Bajraktari 0-0: Swinging Strike
0-1: Ball
1-1: Foul Ball, location: 2F
1-2: Strikes out looking
Bottom of the 2nd over - 0 runs, 0 hits, 0 errors, 1 left on base; Auburn 0 - Charleston 0
TOP OF THE 3RD
Auburn Venom batting - Pitching for Charleston Rebels : RHP Jayce Jarvis
Batting: LHB Isaac Pierce 0-0: Called Strike
0-1: Swinging Strike
0-2: Foul Ball, location: 2F
0-2: Strikes out swinging
Batting: LHB Kenny Hillestad 0-0: Ball
1-0: Called Strike
1-1: Foul Ball, location: 2F
1-2: Ball
2-2: Ball
3-2: Ground out U3 (Groundball, 34, EV 92.5 MPH)
Batting: LHB Devin Mucha 0-0: Ball
1-0: Ball
2-0: Ball
3-0: Called Strike
3-1: Base on Balls
Batting: LHB James Furse 0-0: Ball
1-0: Called Strike
1-1: Called Strike
1-2: Ball
2-2: Strikes out swinging
Top of the 3rd over - 0 runs, 0 hits, 0 errors, 1 left on base; Auburn 0 - Charleston 0
BOTTOM OF THE 3RD
Charleston Rebels batting - Pitching for Auburn Venom : RHP Preston Chappell
Batting: RHB Killian Gachukia 0-0: Ball
1-0: Ball
2-0: SINGLE (Groundball, 56, EV 95.6 MPH)
Batting: RHB Jarred Franklin 0-0: Ball
1-0: Ball
2-0: Called Strike
2-1: Foul Ball, location: 2F
2-2: Ball
3-2: SINGLE (Line Drive, 89S, EV 107.5 MPH)
Killian Gachukia to second
Batting: LHB Devin Clark 0-0: Ball
1-0: Ball
Wild Pitch!
Killian Gachukia to third
Jarred Franklin to second
2-0: Foul Ball, location: 2F
2-1: Fly out, F9 (Flyball, 9, EV 85.0 MPH)
Runner from 3rd tags up, SCORES, throw by RF
Batting: LHB Felton Kirt 0-0: Called Strike
0-1: SINGLE (Line Drive, 8RS, EV 90.6 MPH)
Jarred Franklin to third
Batting: RHB Quinton Powell 0-0: Ball
1-0: SINGLE (Line Drive, 89M, EV 85.6 MPH)
Jarred Franklin scores
Felton Kirt to second
Runner from 2nd tries for 3rd, SAFE, throw by RF made to third
Batting: LHB Chase Leyendecker 0-0: Ball
1-0: Fly out, F7 (Flyball, 7S, EV 92.5 MPH)
Batting: LHB Roman Averette 0-0: Ball
1-0: Called Strike
1-1: Called Strike
1-2: Strikes out swinging
Bottom of the 3rd over - 2 runs, 4 hits, 0 errors, 2 left on base; Auburn 0 - Charleston 2
TOP OF THE 4TH
Auburn Venom batting - Pitching for Charleston Rebels : RHP Jayce Jarvis
Batting: RHB Dario Dokter 0-0: Called Strike
0-1: Called Strike
0-2: Ball
1-2: Strikes out swinging
Batting: RHB Jaime Herring 0-0: Called Strike
0-1: Called Strike
0-2: Foul Ball, location: 2F
0-2: Ball
1-2: Ground out 4-3 (Groundball, 4, EV 83.8 MPH)
Batting: LHB Collin Hamilton 0-0: Swinging Strike
0-1: Swinging Strike
0-2: Ball
1-2: Strikes out swinging, 2-3 out at first.
Top of the 4th over - 0 runs, 0 hits, 0 errors, 0 left on base; Auburn 0 - Charleston 2
BOTTOM OF THE 4TH
Charleston Rebels batting - Pitching for Auburn Venom : RHP Preston Chappell
Batting: RHB Brant Hartman 0-0: Foul Ball, location: 2F
0-1: Fly out, F9 (Flyball, 9S, EV 95.0 MPH)
Batting: LHB Benardrick Bajraktari 0-0: Ball
1-0: Ball
2-0: Ball
3-0: Called Strike
3-1: Base on Balls
Batting: RHB Killian Gachukia 0-0: Ball
1-0: Swinging Strike
1-1: Grounds into double play, 5-4-3 (Groundball, 56, EV 89.4 MPH)
Bottom of the 4th over - 0 runs, 0 hits, 0 errors, 0 left on base; Auburn 0 - Charleston 2
TOP OF THE 5TH
Auburn Venom batting - Pitching for Charleston Rebels : RHP Jayce Jarvis
Batting: SHB Seth Estee 0-0: Called Strike
0-1: Ball
1-1: Swinging Strike
1-2: SINGLE (Groundball, 3D, EV 100.0 MPH)
Batting: LHB Da-Jon Akii-Bua 0-0: Called Strike
0-1: Ball
1-1: Called Strike
Seth Estee steals 2nd base
1-2: Ball
2-2: 2-RUN HOME RUN (Flyball, 89XD, EV 103.8 MPH), Distance : 403 ft
Batting: LHB Isaac Pierce 0-0: Fly out, F3 (Popup, 3F, EV 70.0 MPH)
Batting: LHB Kenny Hillestad 0-0: Called Strike
0-1: DOUBLE (Flyball, 8LXD, EV 101.2 MPH)
Batting: LHB Devin Mucha 0-0: Ball
1-0: Ball
2-0: Ball
3-0: Foul Ball, location: 2F
3-1: Foul Ball, location: 2F
3-2: Base on Balls
Batting: LHB James Furse 0-0: Ball
1-0: Ball
2-0: Ball
3-0: Foul Ball, location: 2F
3-1: Swinging Strike
3-2: Base on Balls
Kenny Hillestad to third
Devin Mucha to second
Batting: RHB Dario Dokter 0-0: Swinging Strike
0-1: Ball
1-1: Swinging Strike
1-2: Fly out, F9 (Flyball, 89XD, EV 106.9 MPH)
Runner from 3rd tags up, SCORES, no throw by RF
Devin Mucha to third
Batting: RHB Jaime Herring 0-0: Ball
1-0: Ball
2-0: Foul Ball, location: 2F
2-1: DOUBLE (Flyball, 78XD, EV 105.6 MPH)
Devin Mucha scores
James Furse to third
Batting: LHB Collin Hamilton 0-0: Ball
1-0: Ball
2-0: Called Strike
2-1: Ball
Wild Pitch!
James Furse scores
Jaime Herring to third
3-1: Foul Ball, location: 2F
3-2: Foul Ball, location: 2F
3-2: Strikes out swinging
Top of the 5th over - 5 runs, 4 hits, 0 errors, 1 left on base; Auburn 5 - Charleston 2
BOTTOM OF THE 5TH
Charleston Rebels batting - Pitching for Auburn Venom : RHP Preston Chappell
Batting: RHB Jarred Franklin 0-0: Ball
1-0: Swinging Strike
1-1: Foul Ball, location: 2F
1-2: Foul Ball, location: 2F
1-2: Fly out, F7 (Flyball, 7, EV 78.1 MPH)
Batting: LHB Devin Clark 0-0: Ball
1-0: Called Strike
1-1: Foul Ball, location: 2F
1-2: SINGLE (Line Drive, 6D, EV 97.5 MPH)
Batting: LHB Felton Kirt 0-0: Called Strike
Devin Clark steals 2nd base
0-1: Ball
1-1: Ground out 4-3 (Groundball, 4, EV 101.9 MPH)
Devin Clark to third
Batting: RHB Quinton Powell 0-0: Ball
1-0: Ball
2-0: Ball
3-0: Called Strike
3-1: Fly out, F9 (Line Drive, 9D, EV 99.4 MPH)
Bottom of the 5th over - 0 runs, 1 hit, 0 errors, 1 left on base; Auburn 5 - Charleston 2
TOP OF THE 6TH
Auburn Venom batting - Pitching for Charleston Rebels : RHP Jayce Jarvis
Pitching: RHP Frazier Jepleting
Batting: SHB Seth Estee 0-0: Ball
1-0: Ball
2-0: Foul Ball, location: 2F
2-1: Foul Ball, location: 2F
2-2: Strikes out swinging
Batting: LHB Da-Jon Akii-Bua 0-0: Ball
1-0: Foul Ball, location: 2F
1-1: Called Strike
1-2: Strikes out swinging
Batting: LHB Isaac Pierce 0-0: Ball
1-0: Foul Ball, location: 2F
1-1: Foul Ball, location: 2F
1-2: Ball
2-2: Ball
3-2: Foul Ball, location: 2F
3-2: Base on Balls
Batting: LHB Kenny Hillestad 0-0: Ball
1-0: Ball
2-0: Called Strike
2-1: Ball
3-1: Fielders Choice at 2nd, 6-4 (Groundball, 6, EV 100.6 MPH)
Top of the 6th over - 0 runs, 0 hits, 0 errors, 1 left on base; Auburn 5 - Charleston 2
BOTTOM OF THE 6TH
Charleston Rebels batting - Pitching for Auburn Venom : RHP Preston Chappell
Batting: LHB Chase Leyendecker 0-0: Called Strike
0-1: Ball
1-1: Foul Ball, location: 2F
1-2: Ground out 4-3 (Groundball, 4, EV 83.8 MPH)
Batting: LHB Roman Averette 0-0: Ball
1-0: Foul Ball, location: 2F
1-1: Called Strike
1-2: Foul Ball, location: 2F
1-2: Ball
2-2: Ground out 6-3 (Groundball, 6, EV 81.9 MPH)
Batting: RHB Brant Hartman 0-0: Ball
1-0: Fly out, F4 (Popup, 4S, EV 81.9 MPH)
Bottom of the 6th over - 0 runs, 0 hits, 0 errors, 0 left on base; Auburn 5 - Charleston 2
TOP OF THE 7TH
Auburn Venom batting - Pitching for Charleston Rebels : RHP Frazier Jepleting
Batting: LHB Devin Mucha 0-0: Ball
1-0: Ball
2-0: Foul Ball, location: 2F
2-1: Ball
3-1: Base on Balls
Batting: LHB James Furse 0-0: Called Strike
0-1: Ball
1-1: Called Strike
1-2: Fly out, F7 (Flyball, 7D, EV 90.6 MPH)
Batting: RHB Dario Dokter 0-0: Ball
1-0: Called Strike
1-1: Called Strike
1-2: Strikes out looking
Batting: RHB Jaime Herring 0-0: Swinging Strike
0-1: Ball
1-1: Ball
2-1: Fielders Choice at 2nd, 6-4 (Groundball, 6, EV 101.9 MPH)
Top of the 7th over - 0 runs, 0 hits, 0 errors, 1 left on base; Auburn 5 - Charleston 2
BOTTOM OF THE 7TH
Charleston Rebels batting - Pitching for Auburn Venom : RHP Preston Chappell
Batting: LHB Benardrick Bajraktari 0-0: Ball
1-0: SINGLE (Groundball, 6D, EV 98.8 MPH)
Pitching: RHP Alvin Maynard
Batting: RHB Killian Gachukia 0-0: Ball
1-0: Ball
2-0: Bunt missed!
2-1: Bunted foul
2-2: Ball
3-2: Grounds into double play, 6-4-3 (Groundball, 6, EV 105.0 MPH)
Batting: RHB Jarred Franklin 0-0: Called Strike
0-1: Ball
1-1: Ball
2-1: SINGLE (Line Drive, 56, EV 95.6 MPH)
Batting: LHB Devin Clark 0-0: Ball
1-0: Foul Ball, location: 2F
1-1: Foul Ball, location: 2F
1-2: Ball
2-2: DOUBLE (Line Drive, 7LM, EV 101.2 MPH)
Jarred Franklin to third
Runner from 3rd tries for Home, throw by LF and OUT! 7-6-2
Bottom of the 7th over - 0 runs, 3 hits, 0 errors, 1 left on base; Auburn 5 - Charleston 2
TOP OF THE 8TH
Auburn Venom batting - Pitching for Charleston Rebels : RHP Frazier Jepleting
Batting: LHB Collin Hamilton 0-0: Ball
1-0: Called Strike
1-1: Foul Ball, location: 2F
1-2: Foul Ball, location: 2F
1-2: Ball
2-2: Foul Ball, location: 2F
2-2: Foul Ball, location: 2F
2-2: Strikes out swinging
Batting: SHB Seth Estee 0-0: Ball
1-0: Ball
2-0: Ball
3-0: Base on Balls
Pitching: LHP Terrance Cullen
Batting: LHB Da-Jon Akii-Bua 0-0: Ball
1-0: Called Strike
1-1: Swinging Strike
1-2: Ball
2-2: Strikes out swinging
Batting: LHB Isaac Pierce 0-0: Called Strike
0-1: Ball
1-1: Ball
2-1: Foul Ball, location: 2F
Balk!
Seth Estee to second
2-2: Ball
3-2: SINGLE (Groundball, 4MD, EV 94.4 MPH)
Seth Estee to third
Runner from 3rd tries for Home, SAFE, throw by CF to home
Batting: LHB Kenny Hillestad 0-0: Called Strike
0-1: Ball
1-1: Foul Ball, location: 2F
1-2: Strikes out swinging
Top of the 8th over - 1 run, 1 hit, 0 errors, 1 left on base; Auburn 6 - Charleston 2
BOTTOM OF THE 8TH
Charleston Rebels batting - Pitching for Auburn Venom : RHP Alvin Maynard
Batting: LHB Felton Kirt 0-0: Called Strike
0-1: Swinging Strike
0-2: Ball
1-2: Ball
2-2: Foul Ball, location: 2F
2-2: Strikes out swinging
Batting: RHB Quinton Powell 0-0: Called Strike
0-1: Ball
1-1: Ground out 6-3 (Groundball, 6, EV 106.2 MPH)
Batting: LHB Chase Leyendecker 0-0: Called Strike
0-1: Swinging Strike
0-2: Hit by Pitch
Batting: LHB Roman Averette 0-0: Ball
1-0: Foul Ball, location: 2F
1-1: Foul Ball, location: 2F
1-2: Fielders Choice at 2nd, 6-4 (Groundball, 6, EV 81.2 MPH)
Bottom of the 8th over - 0 runs, 0 hits, 0 errors, 1 left on base; Auburn 6 - Charleston 2
TOP OF THE 9TH
Auburn Venom batting - Pitching for Charleston Rebels : LHP Terrance Cullen
Batting: LHB Devin Mucha 0-0: Called Strike
0-1: Swinging Strike
0-2: Ball
1-2: Strikes out swinging
Batting: LHB James Furse 0-0: Ball
1-0: Ball
2-0: Called Strike
2-1: Swinging Strike
2-2: Ball
3-2: Fly out, F7 (Flyball, 7LM, EV 91.2 MPH)
Batting: RHB Dario Dokter 0-0: Ball
1-0: Ball
2-0: Ball
3-0: Fly out, F9 (Flyball, 9, EV 90.0 MPH)
Top of the 9th over - 0 runs, 0 hits, 0 errors, 0 left on base; Auburn 6 - Charleston 2
BOTTOM OF THE 9TH
Charleston Rebels batting - Pitching for Auburn Venom : RHP Alvin Maynard
Batting: RHB Brant Hartman 0-0: Foul Ball, location: 2F
0-1: Foul Ball, location: 2F
0-2: Ball
1-2: Ground out 4-3 (Groundball, 4S, EV 81.2 MPH)
Batting: LHB Benardrick Bajraktari 0-0: Ball
1-0: Ball
2-0: Ball
3-0: Called Strike
3-1: Base on Balls
Batting: RHB Killian Gachukia 0-0: Ball
1-0: Swinging Strike
1-1: Ball
2-1: Ball
3-1: Grounds into double play, 6-4-3 (Groundball, 6, EV 83.8 MPH)
Bottom of the 9th over - 0 runs, 0 hits, 0 errors, 0 left on base; Auburn 6 - Charleston 2
Monday, March 25th , 2024 - OOTP Baseball 23.10 Build 110